 Dungeon Crawl Stone Soup version 0.20.1-1-g8b1a95d (webtiles) character file.

21 Lorindel the Magician (level 2, -7/15 HPs)
             Began as a Deep Elf Wizard on Aug 4, 2017.
             Mangled by a worm (10 damage)
             ... on level 2 of the Dungeon.
             The game lasted 00:07:55 (1127 turns).

Lorindel the Magician (Deep Elf Wizard)             Turns: 1127, Time: 00:07:55

Health: -7/15      AC:  2    Str:  4    XL:     2   Next: 65%
Magic:  10/10      EV: 13    Int: 22    God:
Gold:   82         SH:  0    Dex: 13    Spells: 4/11 levels left

rFire    . . .     SeeInvis .   j - +2 spear (flame)
rCold    . . .     Gourm    .   (no shield)
rNeg     . . .     Faith    .   a - +0 robe
rPois    .         Spirit   .   b - +0 hat
rElec    .         Reflect  .   (no cloak)
rCorr    .         Harm     .   (no gloves)
MR       .....                  (no boots)
Stlth    ++........             (no amulet)
Regen    0.1/turn               (no ring)
MPRegen  0.2/turn               (no ring)

@: no status effects
A: no striking features
a: no special abilities


You were on level 2 of the Dungeon.
You were not hungry.

You visited 1 branch of the dungeon, and saw 2 of its levels.

You collected 82 gold pieces.

Inventory:

Hand Weapons
 h - a +0 club
 j - a +2 spear of flaming (weapon)
 p - a cursed -2 short sword
Missiles
 e - 8 arrows
 i - 56 stones (quivered)
Armour
 a - a +0 robe (worn)
 b - a +0 hat (worn)
Scrolls
 l - a scroll of remove curse
 m - a scroll of teleportation
 o - a scroll of fog {unknown}
Potions
 f - a potion of curing
 k - a potion of cancellation
 n - a potion of haste {unknown}
 q - 2 potions of lignification
Books
 c - a book of Minor Magic

   Spells                             Type                      Level
   a - Magic Dart                     Conjuration                  1
   b - Blink                          Translocation                2
   c - Call Imp                       Summoning                    2
   d - Slow                           Hexes                        2
   e - Conjure Flame                  Conjuration/Fire             3
   f - Mephitic Cloud                 Conjuration/Poison/Air       3
Comestibles
 d - 2 bread rations
 g - 4 chunks of flesh


   Skills:
 + Level 0.0 Fighting
 + Level 2.4 Dodging
 + Level 2.4 Stealth
 * Level 5.4 Spellcasting
 + Level 1.2 Conjurations
 + Level 0.3 Hexes
 + Level 1.3 Summonings
 + Level 1.2 Translocations


You had 4 spell levels left.
You knew the following spells:

 Your Spells              Type           Power        Failure   Level  Hunger
a - Magic Dart            Conj           ##..         6%          1    None
b - Call Imp              Summ           ##......     9%          2    None
c - Slow                  Hex            #.......     13%         2    None
d - Blink                 Tloc           N/A          9%          2    None


Dungeon Overview and Level Annotations

Branches:
Dungeon (2/15)

Altars:
Ashenzari


Message History

You hit the worm. You burn the worm.
The worm is lightly wounded.
You hit the worm. You burn the worm.
The worm is moderately wounded.
The worm barely misses you.
You hit the worm. You burn the worm.
The worm is moderately wounded.
The worm bites you.
You hit the worm. You burn the worm.
The worm is severely wounded.
You hit the worm. You burn the worm.
The worm is almost dead.
The worm bites you!
Ouch! That really hurt!
* * * LOW HITPOINT WARNING * * *
You hit the worm. You burn the worm.
The worm is almost dead.
The worm bites you!
Ouch! That really hurt!
You die...

## ####.. .#
........ .# #####
##.#.....
.####...####....#..
..............# .#
.##..........# ##.#
....#...###..###..#
..#######
##..#..##.##.# ###
#....@w......
#....##....#.##.
#.#####.#### # #
#.# ## #.# .#### .#
..# .# ....# .# ..#
#. #...#####.# .#.#
.. ##.....#..# ..
#.#


You could see a worm.

Vanquished Creatures
  A leopard gecko (D:2)
  4 goblins
  2 hobgoblins
  6 bats
  3 frilled lizards
  A kobold (D:1)
  4 rats
21 creatures vanquished.

Notes
Turn   | Place    | Note
-------+----------+-------------------------------------------
     0 | D:1      | Lorindel the Deep Elf Wizard began the quest for the Orb.
     0 | D:1      | Reached XP level 1. HP: 10/10 MP: 7/7
   388 | D:1      | Found a shattered altar of Ashenzari.
   447 | D:1      | Reached skill level 5 in Spellcasting
   465 | D:1      | Reached XP level 2. HP: 6/15 MP: 7/10
   477 | D:1      | Learned a level 2 spell: Call Imp
   480 | D:1      | Learned a level 2 spell: Slow
   483 | D:1      | Learned a level 2 spell: Blink
  1127 | D:2      | Mangled by a worm

Skill      XL: |  1 |
---------------+----+-----
Spellcasting   | 5 |  5.4
Dodging        | |  2.4
Stealth        | |  2.4
Conjurations   | |  1.2
Hexes          | |  0.3
Summonings     | |  1.3
Translocations | |  1.2

Action                   || total
-------------------------++-------
Melee: Spear             ||    38
       Club              ||     9
 Cast: Magic Dart        ||    20
  Use: Scroll            ||     6
       Potion            ||     1
 Stab: Sleeping          ||     3
  Eat: Chunk             ||     1
Armor: Robe              ||    16
Dodge: Dodged            ||    59
